 Dungeon Crawl Stone Soup version 0.25-a0-578-gc91f01c (webtiles) character file.

Game seed: 13210979400044618410, levelgen mode: deterministic

27 15 the Gusty (level 3, 19/19 HPs)
             Began as a Tengu Air Elementalist on Mar 3, 2020.
             Quit the game on level 2 of the Dungeon.
             The game lasted 00:04:44 (1537 turns).

15 the Gusty (Tengu Air Elementalist)               Turns: 1537, Time: 00:04:44

Health: 19/19      AC:  3    Str:  8    XL:     3   Next: 10%
Magic:  6/7        EV: 12    Int: 16    God:
Gold:   105        SH:  0    Dex: 14    Spells: 0/6 levels left

rFire    . . .     SeeInvis .   j - +0 spear
rCold    . . .     Gourm    .   (no shield)
rNeg     . . .     Faith    .   a - +0 robe
rPois    .         Spirit   .   (helmet restricted)
rElec    .         Reflect  .   m - +0 cloak
rCorr    .         Harm     .   (no gloves)
MR       .....                  (boots unavailable)
Stlth    ++........             (no amulet)
HPRegen  0.06/turn              (no ring)
MPRegen  0.10/turn              (no ring)

@: no status effects
A: beak, talons 3
a: no special abilities


You were on level 2 of the Dungeon.
You were not hungry.

You visited 1 branch of the dungeon, and saw 2 of its levels.

You collected 105 gold pieces.

Inventory:

Hand Weapons
 j - a +0 spear (weapon)
Armour
 a - a +0 robe (worn)
 m - a +0 cloak (worn)
Scrolls
 b - 2 scrolls of amnesia {unknown}
 d - 2 scrolls of noise {unknown}
 f - a scroll of remove curse {unknown}
 g - 3 scrolls of identify {unknown}
 i - 3 scrolls of fear {unknown}
 n - a scroll of fog {unknown}
Potions
 e - a potion of invisibility {unknown}
 h - a potion of stabbing {unknown}
 k - a potion of curing {unknown}
 l - a potion of lignification {unknown}
Comestibles
 c - 4 rations


   Skills:
 * Level 0.1 Fighting
 * Level 0.9 Armour
 * Level 2.1 Dodging
 + Level 2.0 Stealth
 * Level 2.4 Spellcasting
 * Level 1.3 Conjurations
 * Level 4.7 Air Magic


You couldn't memorise any spells.
You knew the following spells:

 Your Spells              Type           Power        Failure   Level  Hunger
a - Shock                 Conj/Air       ##..         5%          1    #......
b - Swiftness             Chrm/Air       #.......     11%         2    ###....
c - Static Discharge      Conj/Air       ##......     17%         3    ###....

Your spell library contained the following spells:

 Spells                   Type           Power        Failure   Level  Hunger
 Airstrike                Air            ###.......   28%         4    #####..
 Lightning Bolt           Conj/Air       ##........   83%         5    ######.


Dungeon Overview and Level Annotations

Branches:
Dungeon (2/15)

Altars:


Innate Abilities, Weirdness & Mutations

You have a beak for a mouth.
You have claws for feet.


Message History

Confirm with . or Enter, or press ? or * to list all spells.
Aiming: Shock (safe; 5% risk of failure)
Press: ? - help, Shift-Dir - straight line, f - kobold
Aim: a kobold
Okay, then.
Unknown command.
Casting: Shock (safe; 5% risk of failure)
Confirm with . or Enter, or press ? or * to list all spells.
Aiming: Shock (safe; 5% risk of failure)
Press: ? - help, Shift-Dir - straight line, f - kobold
Aim: a kobold The zap misses the kobold.
Unknown command.
Are you sure you want to abandon this character and quit the game? (Confirm with "yes".)
Okay, then.
You swing at nothing.
Unknown command.
Unknown command.
Unknown command.
Are you sure you want to abandon this character and quit the game? (Confirm with "yes".)

#.##...#.#
#.#.###..#
##..## ##.##
######..##
##.##
#..)....#
#..#
#.####..##
##..# #.#
#.#.## ##.#.#
#)#
#.##.###.##.#
#.#
#.###....@.<#
###.# #.#
#####.#.#
....# #.#
#K#.# #####
#.# #.#.# #.#
#.#.# ..# ###


You could see a kobold.

Vanquished Creatures
  A leopard gecko (D:2)
  3 bats
  4 goblins
  5 hobgoblins
  2 jackals (D:1)
  A kobold (D:1)
  2 frilled lizards (D:1)
  5 rats
23 creatures vanquished.

Notes
Turn   | Place    | Note
-------+----------+-------------------------------------------
     0 | D:1      | 15 the Tengu Air Elementalist began the quest for the Orb.
     0 | D:1      | Reached XP level 1. HP: 10/10 MP: 4/4
   541 | D:1      | Reached XP level 2. HP: 15/15 MP: 1/6
   548 | D:1      | Learned a level 2 spell: Swiftness
  1322 | D:2      | Reached XP level 3. HP: 19/19 MP: 4/7
  1334 | D:2      | Learned a level 3 spell: Static Discharge
  1537 | D:2      | Quit the game

Levels and vault maps discovered:
D:1:      nzn_arrival_crosshair, layout_basic
D:2:      layout_loops_ring

Action                   || total
-------------------------++-------
Melee: Unarmed           ||     4
       Spear             ||    10
       Kick              ||     2
 Cast: Shock             ||    34
  Eat: Chunk             ||     2
Armor: Robe              ||     1
Dodge: Dodged            ||    12

Table legend:
 A = Non-vault XP
 B = Vault XP
 C = Vault XP percentage of total XP
 D = Non-vault monster count
 E = Vault monster count
 F = Vault count percentage of total count
                 A         B        C        D         E       F
            +---------+---------+-------+---------+---------+-------
      Total |      39 |       0 |   0.0 |      23 |       0 |   0.0
            +---------+---------+-------+---------+---------+-------
        D:1 |      23 |       0 |   0.0 |      14 |       0 |   0.0
        D:2 |      16 |       0 |   0.0 |       9 |       0 |   0.0
            +---------+---------+-------+---------+---------+-------
